 Dungeon Crawl Stone Soup version 0.27.1-1-g398f81649c (webtiles) character file.

Game seed: 13563754612171837451

40 Rickety the Sneak (level 3, -1/16 HPs)
             Began as a Spriggan Enchanter on Sept 20, 2021.
             Slain by a worm (6 damage)
             ... on level 2 of the Dungeon.
             The game lasted 00:03:22 (1687 turns).

Rickety the Sneak (Spriggan Enchanter)              Turns: 1687, Time: 00:03:22

Health: -1/16      AC:  2    Str:  4    XL:     3   Next: 30%
Magic:  1/8        EV: 17    Int: 16    God:
Gold:   57         SH:  0    Dex: 16    Spells: 2/8 levels left

rFire    . . .     SeeInvis +   a - +1 dagger
rCold    . . .     Faith    .   (shield restricted)
rNeg     . . .     Spirit   .   b - +0 robe
rPois    .         Reflect  .   (helmet restricted)
rElec    .         Harm     .   (no cloak)
rCorr    .         Rampage  .   (gloves unavailable)
Will     .....                  (boots unavailable)
Stlth    +++.......             (no amulet)
HPRegen  0.05/turn              (no ring)
MPRegen  0.11/turn              (no ring)

@: confusing by touch, very quick
A: very small, no large weapons, unfitting armour, see invisible, speed 3
a: no special abilities


You were on level 2 of the Dungeon.
You visited 1 branch of the dungeon, and saw 2 of its levels.

You collected 57 gold pieces.

Inventory:

Hand Weapons
 a - a +1 dagger (weapon)
Missiles
 g - 21 poisoned darts
Armour
 b - a +0 robe (worn)
Scrolls
 d - a scroll of noise {unknown}
Potions
 c - a potion of curing {unknown}
 e - a potion of degeneration {unknown}
 f - a potion of attraction {unknown}


   Skills:
 + Level 1.4 Short Blades
 * Level 0.2 Throwing
 + Level 3.0 Dodging
 * Level 5.2 Stealth
 + Level 3.0 Spellcasting
 + Level 4.1 Hexes
 + Level 0.4 Ice Magic


You had 2 spell levels left.
You knew the following spells:

 Your Spells              Type           Power      Damage    Failure   Level
a - Corona                Hex            16%        N/A       3%          1
b - Ensorcelled Hibernat  Hex/Ice        18%        N/A       11%         2
c - Confusing Touch       Hex            15%        N/A       11%         3

Your spell library contained the following spells:

 Spells                   Type           Power      Damage    Failure   Level
 Tukima's Dance           Hex            15%        N/A       11%         3
 Dazzling Flash           Conj/Hex       18%        N/A       24%         3


Dungeon Overview and Level Annotations

Branches:
Dungeon (2/15)

Altars:


Innate Abilities, Weirdness & Mutations

You are very small and have problems with some larger weapons.
You are too small for most types of armour.
You have supernaturally acute eyesight. (SInv)
You cover ground extremely quickly. (Speed+++)


Message History

The bat misses you. The bat misses you.
You closely miss the bat.
The bat is moderately wounded.
The bat closely misses you.
You barely miss the bat.
The bat is moderately wounded.
The bat barely misses you. The bat misses you.
You miss the bat.
The bat is moderately wounded.
The bat hits you but does no damage.
You hit the bat.
You kill the bat!
You see here a bat corpse.
There is a stone staircase leading down here.
Casting: Confusing Touch (extremely dangerous; 11% risk of failure)
Confirm with . or Enter, or press ? or * to list all spells.
Aiming: Ensorcelled Hibernation (safe; 11% risk of failure)
Press: ? - help, Shift-Dir - straight line, f/p - worm
Aim: a worm (chance to affect: 50%)
The worm looks drowsy...
The worm bites you but does no damage.
You hit the worm.
The worm is lightly wounded.
Casting: Ensorcelled Hibernation (safe; 11% risk of failure)
Confirm with . or Enter, or press ? or * to list all spells.
The spell is extremely dangerous to cast (11% risk of failure)!
Continue anyway? [Y]es or [N]o only, please.
The spell is extremely dangerous to cast (11% risk of failure)!
Continue anyway?
Your hands begin to glow red.
The worm bites you!
Ouch! That really hurt!
You hit the worm but do no damage.
The worm is lightly wounded.
The worm barely misses you.
You hit the worm but do no damage.
The worm is lightly wounded.
You hit the worm but do no damage.
The worm is lightly wounded.
The worm bites you.
You die...

... #.# #.##.# #.# #
#.##.##...#.# #†######.##
##...........###.#........
###...#.....................
........................#.#
###....#.......###.#.##.#.#
##..........## #........##
#....##...#######..###...
#.#.#.##.##.@.>†...# .#
#..#.##.#.##w#####..###.#
#....><.........##)†....#
#.##.##.#....##.##..#.#.#
#<#.##....##.##..#.#.#####
#..........................
#######.##.##.........####
#$ #.########.### #.
...........#


You could see a worm.

Vanquished Creatures
  2 dart slugs (D:1)
  4 ball pythons
  2 bats
  2 endoplasms (D:1)
  5 giant cockroaches (D:1)
  3 goblins
  3 hobgoblins (D:1)
  4 jackals (D:1)
  A quokka (D:1)
  2 frilled lizards
  A kobold (D:1)
  2 rats (D:1)
31 creatures vanquished.

Notes
Turn   | Place    | Note
-------+----------+-------------------------------------------
     0 | D:1      | Rickety the Spriggan Enchanter began the quest for the Orb.
     0 | D:1      | Reached XP level 1. HP: 9/9 MP: 5/5
   410 | D:1      | Reached XP level 2. HP: 5/13 MP: 6/6
   434 | D:1      | Learned a level 2 spell: Ensorcelled Hibernation
   655 | D:1      | Reached skill level 5 in Stealth
  1067 | D:1      | Reached XP level 3. HP: 13/16 MP: 4/8
  1071 | D:1      | Learned a level 3 spell: Confusing Touch
  1687 | D:2      | Slain by a worm

Illustrated notes

Levels and vault maps discovered:
D:1:      eino_arrival_cavern_b, layout_basic
D:2:      layout_loops_ring, kennysheep_generic_room_11

Skill      XL: |  1  2 |
---------------+-------+-----
Spellcasting   | 3 |  3.0
Stealth        | 5 |  5.2
Hexes          | 4 |  4.1
Dodging        | 3 |  3.0
Short Blades   | |  1.4
Throwing       | |  0.2
Ice Magic      | |  0.4

Action                   || total
-------------------------++-------
Melee: Dagger            ||   101
 Cast: Corona            ||     5
       Ensorcelled Hiber ||    18
       Confusing Touch   ||     1
 Stab: Sleeping          ||    18
       Distracted        ||     1
Armor: Robe              ||     8
Dodge: Dodged            ||    71
